Map: Ephemeron LE

Players

Astrea - Winner!

  • Race: Protoss Protoss
  • Spawn Location: 5:00

Gerald

  • Race: Protoss Protoss
  • Spawn Location: 11:00

Event: IEM Katowice 2020

VOD

Have the link to the VOD?

Description

Time

  • Played on: Feb. 24, 2020, 7:50 a.m.
  • Length: 7:58

All games in this series

Show
View Real Time Build Order
Export as new Build Order

Astrea Protoss - Winner!

Build Orders:  

Get SALT Encoding   

  12  0:00  Probe  
  13  0:13  Probe  
  14  0:17  Pylon  
  14  0:25  Probe (Chrono Boost)  
  16  0:37  Probe (Chrono Boost), Gateway  
  16  0:43  Probe (Chrono Boost)  
  16  0:46  Assimilator  
  17  0:51  Probe  
  17  0:55  Assimilator  
  18  1:03  Probe (Chrono Boost)  
  19  1:08  Gateway  
  19  1:12  Probe (Chrono Boost)  
  19  1:17  Probe (Chrono Boost)  
  20  1:25  Cybernetics Core  
  21  1:29  Probe  
  22  1:35  Pylon  
  22  1:42  Probe  
  23  1:54  Probe  
  24  1:58  Warp Gate (Chrono Boost)  
  24  2:01  Stalker x2  
  28  2:06  Probe  
  29  2:18  Probe  
  29  2:19  Pylon  
  30  2:37  Stalker x2  
  34  2:44  Probe  
  34  2:46  Robotics Facility  
  35  2:56  Probe  
  36  3:07  Stalker  
  36  3:10  Pylon  
  37  3:23  Shield Battery  
  37  3:27  Shield Battery  
  37  3:30  Warp Prism (Chrono Boost)  
  39  3:40  Stalker  
  41  3:45  Stalker  
  43  3:55  Pylon  
  43  4:00  Observer  
  44  4:05  Stalker  
  46  4:14  Shield Battery  
  46  4:21  Nexus  
  46  4:31  Immortal (Chrono Boost)  
  46  4:35  Sentry  
  52  4:45  Sentry  
  54  4:50  Pylon  
  54  5:07  Immortal (Chrono Boost)  
  58  5:16  Adept x2  
  58  5:20  Shield Battery  
  60  5:23  Pylon  
  60  5:37  Observer  
  60  5:40  Immortal  
  64  5:54  Stalker x2  
  63  6:07  Probe x2  
  65  6:19  Probe x2, Observer (Chrono Boost)  
  65  6:21  Stalker x2  
  72  6:32  Probe x2  
  74  6:45  Probe  
  75  6:49  Probe  
  75  6:51  Stalker  
  75  6:52  Pylon, Stalker  
  78  6:59  Immortal  
  78  7:01  Probe x2  
  84  7:07  Twilight Council  
  84  7:18  Probe, Stalker x2  
  89  7:25  Probe  
  90  7:30  Probe  
  89  7:37  Probe  
  89  7:42  Stalker  
  89  7:43  Probe  
  93  7:47  Zealot  
  85  7:55  Assimilator  
  85  7:56  Assimilator  
Show
View Real Time Build Order
Export as new Build Order

Gerald Protoss 

Build Orders: Blink Stalkers 

Get SALT Encoding   

  12  0:00  Probe  
  13  0:12  Probe  
  14  0:17  Pylon  
  14  0:25  Probe (Chrono Boost)  
  16  0:37  Probe (Chrono Boost)  
  16  0:38  Gateway  
  16  0:42  Probe (Chrono Boost)  
  16  0:46  Assimilator  
  17  0:52  Probe  
  17  0:55  Assimilator  
  18  1:04  Probe (Chrono Boost)  
  18  1:08  Gateway  
  19  1:14  Probe (Chrono Boost)  
  20  1:18  Probe (Chrono Boost)  
  21  1:26  Cybernetics Core  
  21  1:30  Probe  
  22  1:37  Pylon  
  22  1:42  Probe  
  23  1:55  Probe  
  23  2:00  Warp Gate (Chrono Boost)  
  24  2:03  Stalker x2  
  24  2:08  Probe  
  29  2:09  Pylon  
  29  2:22  Probe  
  30  2:24  Pylon  
  32  2:41  Adept  
  32  2:42  Adept  
  34  2:45  Pylon  
  34  2:50  Probe  
  34  2:51  Shield Battery  
  35  2:58  Twilight Council  
  35  3:02  Probe  
  36  3:09  Pylon  
  36  3:31  Blink (Chrono Boost)  
  36  3:32  Probe  
  37  3:35  Gateway  
  37  3:39  Shield Battery x2  
  36  3:46  Stalker x2  
  38  4:11  Robotics Facility  
  38  4:14  Stalker x2  
  41  4:33  Stalker  
  41  4:37  Stalker x2  
  45  4:44  Pylon  
  45  4:59  Observer  
  46  5:02  Stalker x3  
  52  5:22  Nexus  
  52  5:23  Observer  
  53  5:37  Stalker  
  53  5:40  Stalker  
  54  5:48  Probe  
  53  6:00  Probe (Chrono Boost)  
  54  6:07  Robotics Bay  
  54  6:12  Probe (Chrono Boost), Pylon  
  55  6:26  Probe (Chrono Boost)  
  55  6:32  Pylon  
  54  6:34  Probe (Chrono Boost)  
  54  6:38  Probe (Chrono Boost)  
  55  6:44  Probe (Chrono Boost)  
  55  6:45  Probe (Chrono Boost)  
  53  6:49  Probe (Chrono Boost)  
  53  6:52  Probe  
  53  6:54  Disruptor (Chrono Boost)  
  53  7:00  Probe  
  57  7:06  Sentry  
  57  7:08  Stalker  
  61  7:16  Probe  
  61  7:17  Probe  
  62  7:25  Zealot  
  62  7:26  Pylon  
  62  7:27  Disruptor (Chrono Boost)  
  62  7:28  Probe  
  62  7:29  Probe  
  69  7:31  Zealot x2  
  70  7:40  Probe  
  70  7:41  Probe  
  64  7:46  Zealot  

Tags
 
Add a new tag
Caveats
  • Supply blocks, unpowered buildings, or Contaminate may cause inaccurate times.
  • Supply counts are checked every 10 seconds.